 Dungeon Crawl Stone Soup version 0.15.2 (webtiles) character file.

145 realizingwhyifist the Insei (level 5, -3/41 HPs)
             Began as a Mummy Monk on Apr 20, 2015.
             Slain by a centaur (8 damage)
             ... on Level 3 of the Dungeon.
             The game lasted 00:12:13 (4306 turns).

realizingwhyifist the Insei (Mummy Monk)            Turns: 4306, Time: 00:12:13

HP  -3/41        AC  3     Str 14      XL: 5   Next:  6%
MP   5/5         EV 13     Int  9      God:
Gold 93          SH  0     Dex 15      Spells:  0 memorised,  4 levels left

rFire  x . .     SeeInvis .       - Unarmed
rCold  + . .     Clarity  .     (no armour)
rNeg   + + +     rCorr    .     (no shield)
rPois  +         rRot     +     h - +1 helmet
rElec  .         Spirit   .     (no cloak)
SustAb .         Warding  .     b - +0 pair of gloves
rMut   .         Stasis   .     (no boots)
Gourm  .                        (no amulet)
MR     .....                    (no ring)
                                (no ring)

@: not resistant to hostile enchantments, unstealthy
A: no food or potions, fire vulnerability, restore body, cold resistance 1,
negative energy resistance 3, poison resistance, torment resistance, unbreathing
a: no special abilities


You were on level 3 of the Dungeon.
You were not hungry.

You visited 1 branch of the dungeon, and saw 3 of its levels.

You collected 93 gold pieces.


Innate Abilities, Weirdness & Mutations

You do not eat or drink.
Your flesh is vulnerable to fire.
Your flesh is cold resistant.
You are immune to negative energy.
Your system is resistant to poisons.
You are immune to unholy pain and torment.
You can survive without breathing.


   Skills:
 - Level 3.1 Fighting
 - Level 2.5 Dodging
 - Level 1.8 Stealth
 + Level 5.1 Unarmed Combat


You had 4 spell levels left.
You didn't know any spells.

Inventory:

Missiles
 m - a throwing net {=f!d}
Armour
 b - a +0 pair of gloves (worn)
 h - a +1 helmet (worn)
Scrolls
 c - 2 scrolls of noise {!r}
 f - a scroll of amnesia
 g - 3 scrolls of immolation {!r}
 k - 3 scrolls of magic mapping
 l - 2 scrolls of teleportation
 n - a scroll of random uselessness {unknown}
Potions
 d - a potion of porridge (quivered)

Dungeon Overview and Level Annotations

Branches:
Dungeon (3/15)

Altars:
Kikubaaqudgha
Trog
Xom

########### #.. ##
#%........# #.### . .#
#.........###..... .. )#
#.........##.....# .... .#
#.........##...#.##... .#
#.........##...#....#
.###.........##........
...'.........##..c.#.####.#
####.........###@.........#
#...............#.######
#.......................
#................).....
#........(..............
#..........[...........
#.........<)..........
..........).........
###.....................


You could see a centaur.


Message History

You hit the centaur.
The centaur is moderately wounded.
The centaur hits you but does no damage.
The centaur barely misses you.
You hit the centaur. You punch the centaur.
The centaur is heavily wounded.
The centaur closely misses you.
You barely miss the centaur.
The centaur is heavily wounded.
The centaur closely misses you.
You hit the centaur but do no damage.
The centaur is heavily wounded.
The centaur hits you. The centaur hits you!
You hit the centaur.
The centaur is severely wounded.
The centaur hits you!
* * * LOW HITPOINT WARNING * * *
You hit the centaur but do no damage.
The centaur is severely wounded.
The centaur hits you!
* * * LOW HITPOINT WARNING * * *
Read which item? (? for menu, Esc to quit)
Okay, then.
Enter note: fine I'll just go then Read which item? (? for menu, Esc to quit)
Okay, then.
You hit the centaur.
The centaur is almost dead.
The centaur hits you!
You die...

Action                   |  1- 3 |  4- 6 || total
-------------------------+-------+-------++-------
Melee: Unarmed           |   228 |   146 ||   374
  Use: Scroll            |       |     9 ||     9
 Stab: Sleeping          |     3 |     2 ||     5

Vault maps used:
D:1:      dpeg_arrival_tiny_d
D:2:      old_standard_altar, lightli_temple_of_fire,
          minmay_misc_feat_more_columns, xom_redecorated
D:3:      patterned_corridor

Notes
Turn   | Place    | Note
--------------------------------------------------------------
     0 | D:1      | realizingwhyifist, the Mummy Monk, began the quest for the Orb.
     0 | D:1      | Reached XP level 1. HP: 18/18 MP: 1/1
   452 | D:1      | Reached XP level 2. HP: 14/24 MP: 2/2
  1625 | D:1      | Reached XP level 3. HP: 15/29 MP: 3/3
  2091 | D:2      | Reached skill level 4 in Unarmed Combat
  2520 | D:2      | Found a shimmering altar of Xom.
  2522 | D:2      | Found a shimmering altar of Xom.
  2744 | D:2      | Found a shimmering altar of Xom.
  2744 | D:2      | Found a shimmering altar of Xom.
  2747 | D:2      | Found a shimmering altar of Xom.
  2747 | D:2      | Found a shimmering altar of Xom.
  2893 | D:2      | Found an ancient bone altar of Kikubaaqudgha.
  3036 | D:2      | Found a bloodstained altar of Trog.
  3051 | D:2      | Reached XP level 4. HP: 16/35 MP: 4/4
  3852 | D:3      | Reached skill level 5 in Unarmed Combat
  4081 | D:3      | Noticed a centaur
  4211 | D:3      | Reached XP level 5. HP: 36/41 MP: 5/5
  4306 | D:3      | Sar: charge those centaurs
  4306 | D:3      | Sar: brave mummy
  4306 | D:3      | fine I'll just go then
  4306 | D:3      | realizingwhyifist: oh god it's you
  4306 | D:3      | Sar: no it's not
  4306 | D:3      | Sar: it's another guy
  4306 | D:3      | realizingwhyifist: I thought I was looking like a dumbass in front of strangers!
  4306 | D:3      | Sar: isn't that a relief?
  4306 | D:3      | realizingwhyifist: word
  4306 | D:3      | Slain by a centaur

Vanquished Creatures
  6 adders
  A worm (D:2)
  2 giant geckos
  5 orcs
  9 bats
  A giant cockroach (D:3)
  10 hobgoblins
  14 jackals
  A giant newt (D:2)
  7 goblins
  7 kobolds
  A quokka (D:2)
  10 rats
74 creatures vanquished.
